 Dungeon Crawl Stone Soup version 0.30.0-15-g856e2d3f33 (webtiles) character file.

Game seed: 4336468339517027979

4833 Damian the Cutter (level 10, -2/91 HPs)
             Began as a Grey Draconian Fighter on May 18, 2023.
             Was a Believer of Ru.
             Succumbed to a hornet's poison
             ... while paralysed by a hornet
             ... on level 9 of the Dungeon.
             The game lasted 00:26:23 (8384 turns).

Damian the Cutter (Grey Draconian Fighter)          Turns: 8384, Time: 00:26:24

Health: -2/91      AC: 12    Str: 30 (31) XL:     10   Next: 25%
Magic:  15/15      EV:  2    Int: 16 (18) God:    Ru [**....]
Gold:   365        SH:  0    Dex:  9 (11) Spells: 5/15 levels left

rFire   . . .        A - +0 war axe of Vanity {pain, *Slow Str+5 Int+3}
rCold   . . .        b - +3 buckler
rNeg    . . .        (body armour unavailable)
rPois   .            (helmet restricted)
rElec   .            (no cloak)
rCorr   .            (no gloves)
SInv    .            (no boots)
Will    +....        h - amulet of magic regeneration
Stlth   ++           j - +6 ring of strength
HPRegen 0.35/turn    G - ring "Ziofob" {EV+5 Str+2 Int+2}
MPRegen 0.54/turn

%: slow self (1%)
@: paralysed, lethally poisoned (-2 -> -16), attractive
A: AC +12, amphibious, unfitting armour, cold-blooded, inability to train
dodging, strong-willed 1, robust 1
a: Renounce Religion


You were on level 9 of the Dungeon.
You worshipped Ru.
Ru was pleased with you.
You visited 2 branches of the dungeon, and saw 10 of its levels.
You also visited: Ossuary.

You collected 365 gold pieces.

Inventory:

Hand Weapons
 a - a +0 rapier of venom
 e - a +0 heavy short sword
 A - the +0 war axe of Vanity (weapon) {pain, *Slow Str+5 Int+3}
   (You found it on level 6 of the Dungeon)

   Str:       It affects your strength (+5).
   Int:       It affects your intelligence (+3).
   *Slow:     It may slow you when you take damage.
Armour
 b - a +3 buckler (worn)
Jewellery
 d - an amulet of magic regeneration
 h - an amulet of magic regeneration (around neck)
 j - a +6 ring of strength (left hand)
 w - a ring of flight
 D - a ring of poison resistance
 G - the ring "Ziofob" (right hand) {EV+5 Str+2 Int+2}
   (You found it on level 9 of the Dungeon)

   [ring of evasion]

   EV:        It affects your evasion (+5).
   Str:       It affects your strength (+2).
   Int:       It affects your intelligence (+2).
 H - a ring of willpower
Wands
 F - a wand of flame (21)
Scrolls
 c - a scroll of silence
 g - a scroll of amnesia
 i - a scroll of vulnerability
 m - a scroll of poison
 u - a scroll of butterflies
 v - 2 scrolls of magic mapping
 x - 2 scrolls of enchant weapon {unknown}
 y - a scroll of enchant armour
 E - a scroll of noise {unknown}
 I - a scroll of fog {unknown}
Potions
 f - 2 potions of attraction
 l - a potion of degeneration
 n - a potion of cancellation
 o - 6 potions of mutation
 p - 2 potions of curing
 q - 3 potions of lignification {unknown}
 r - 4 potions of berserk rage {unknown}
 s - a potion of haste {unknown}
 t - 2 potions of magic {unknown}
 z - a potion of resistance {unknown}
 C - a potion of ambrosia


   Skills:
 * Level 5.9 Fighting
 * Level 6.0(6.6) Short Blades
 * Level 4.0(5.6) Long Blades
 * Level 5.3 Axes
 * Level 2.0 Throwing
 * Level 3.4 Stealth
 * Level 5.6 Shields
 * Level 3.3 Spellcasting
 * Level 2.3 Hexes
 * Level 3.3 Summonings
 * Level 2.5 Necromancy
 * Level 3.2 Translocations
 * Level 2.5 Evocations


You had 5 spell levels left.
You knew the following spells:

 Your Spells              Type           Power      Damage    Failure   Level
a - Summon Forest         Summ/Tloc      6%         N/A       83%         5
b - Tukima's Dance        Hex            10%        N/A       24%         3
c - Call Imp              Summ           26%        N/A       8%          2

Your spell library contained the following spells:

 Spells                   Type           Power      Damage    Failure   Level
 Magic Dart               Conj           8%         1d3       21%         1
 Portal Projectile        Hex/Tloc       22%        N/A       21%         3
 Passage of Golubria      Tloc           13%        N/A       47%         4
 Mephitic Cloud           Conj/Pois/Air  2%         N/A       52%         3
 Silence                  Hex/Air        3%         N/A       98%         5
 Blade Hands              Tmut           1%         N/A       99%         5
 Eringya's Noxious Bog    Tmut/Pois      1%         N/A       100%        6
 Summon Hydra             Summ           6%         N/A       100%        7
 Lehudib's Crystal Spear  Conj/Erth      1%         10d2      100%        8


Dungeon Overview and Level Annotations

Branches:
Dungeon (9/15)             Temple (1/1) D:6            Lair (0/5) D:9
    Orc (0/2) D:9         Ossuary (visited)

Altars:
Cheibriados
Dithmenos
Elyvilon
Gozag
Kikubaaqudgha
Makhleb
Okawaru
Qazlal
Ru
Sif Muna
Trog
Vehumet
Xom
Yredelemnul
The Shining One

Shops:
D:8 [

Annotations:
D:9 3 runed translucent doors, Whoops's ghost, novice DsFi


Innate Abilities, Weirdness & Mutations

Your dull iron-grey scales are very hard. (AC +12)
You are amphibious.
You cannot fit into any form of body armour.
You are cold-blooded and may be slowed by cold attacks.
You cannot train Dodging skill.
You are strong-willed. (Will+)
You are robust. (+10% HP)


Message History

You don't know that spell.
Unknown command.
You barely miss the yak.
You tail-slap the yak, but do no damage.
The yak is moderately wounded.
You hit the hornet but do no damage. The hornet stings you.
* * * LOW HITPOINT WARNING * * *
You feel yourself slow down. The yak gores you but does no damage.
The hornet barely misses you. The yak closely misses you.
The yak is attracted toward you.
You hit the yak. You tail-slap the yak.
The yak is heavily wounded.
You hit the hornet.
The hornet writhes in agony.
You feel yourself speed up.
The hornet stops glowing.
The hornet barely misses you. The hornet completely misses you.
The yak snorts and paws the ground.
You block the yak's attack.
You hit the yak.
The yak is severely wounded.
You closely miss the hornet. You block the hornet's attack.
The yak barely misses you. The hornet closely misses you. The yak misses you.
You hit the yak but do no damage.
The yak writhes in agony.
The yak is severely wounded.
You hit the hornet but do no damage. The hornet stings you.
* * * LOW HITPOINT WARNING * * *
You suddenly lose the ability to move!
The hornet stings you!
* * * LOW HITPOINT WARNING * * *
You are poisoned.
You shrug off the repeated paralysis!
The yak gores you but does no damage.
You feel sick.
The hornet stings you but does no damage.
The yak gores you.
* * * LOW HITPOINT WARNING * * *
The hornet stings you.
* * * LOW HITPOINT WARNING * * *
You are more poisoned.
You feel yourself slow down.
You feel yourself speed up.
You die...

#.# # # ... .#.
#.# #.######
#.# #......#
##y####..P...##
#ly.Y#....P/..P
#y##.Y.........
#y##...♣.......
#@YY..P...P..P.
###Y....P...♣♣♣
....P..P♣....
.##.......>..P.
# #P...........
#.♣♣..P.P. ...


You could see 3 yaks, a hornet, a wyvern and 3 killer bees.

Vanquished Creatures
  A two-headed ogre (D:8)
  A kobold demonologist (D:9)
  3 wyverns (D:9)
  4 yaks
  A steam dragon (D:7)
  2 water moccasins (D:9)
  2 orc warriors (D:9)
  An ice beast (D:7)
  3 sky beasts
  3 kobold brigands
  Blork the orc (D:6)
  2 bullfrogs
  A water moccasin zombie (Ossuary)
  5 scorpions
  4 wights (D:7)
  2 killer bees (D:9)
  2 howler monkeys (D:5)
  A jelly (D:6)
  3 hounds
  3 orc priests
  2 iguanas (D:7)
  A sleepcap (D:4)
  7 orc wizards
  Terence (D:2)
  2 mummies (Ossuary)
  7 gnolls (D:4)
  7 adders
  A white imp (D:7)
  3 ufetubi
  6 adder zombies (Ossuary)
  3 worms
  4 dart slugs
  32 orcs
  A bat (D:3)
  5 endoplasms
  2 giant cockroaches
  3 gnoll zombies (Ossuary)
  5 goblins
  5 hobgoblins
  3 jackals (D:4)
  19 kobolds
  3 quokkas
  2 training dummies (D:5)
  6 ball pythons
  3 frilled lizards
  A goblin zombie (D:4)
  3 hobgoblin zombies (Ossuary)
  3 kobold zombies (Ossuary)
  4 orc zombies (Ossuary)
  5 rats
  A rat zombie (D:4)
195 creatures vanquished.

Vanquished Creatures (collateral kills)
  Maggie (D:7)
  An orc wizard (D:7)
  2 orcs (D:7)
4 creatures vanquished.

Vanquished Creatures (others)
  A wight (D:7)
  An orc (D:7)
2 creatures vanquished.

Grand Total: 201 creatures vanquished

Notes
Turn   | Place    | Note
-------+----------+-------------------------------------------
     0 | D:1      | Damian the Draconian Fighter began the quest for the Orb.
     0 | D:1      | Reached XP level 1. HP: 19/19 MP: 1/1
   189 | D:1      | Reached XP level 2. HP: 24/26 MP: 2/2
   673 | D:3      | Reached XP level 3. HP: 22/31 MP: 3/3
   677 | D:3      | Reached skill level 1 in Long Blades
   771 | D:3      | Found a basalt altar of Yredelemnul.
   817 | D:4      | Found a sand-covered staircase.
   843 | Ossuary  | Entered an ossuary
   873 | Ossuary  | Reached XP level 4. HP: 39/40 MP: 5/5
  1017 | Ossuary  | Reached skill level 3 in Short Blades
  1017 | Ossuary  | Reached skill level 1 in Stealth
  1017 | Ossuary  | Reached skill level 1 in Spellcasting
  1017 | Ossuary  | Reached XP level 5. HP: 29/46 MP: 6/6
  1178 | Ossuary  | Learned a level 5 spell: Summon Forest
  1353 | D:4      | Found an ancient bone altar of Kikubaaqudgha.
  1989 | D:4      | Reached XP level 6. HP: 28/52 MP: 7/7
  2599 | D:5      | Entered Level 5 of the Dungeon
  2637 | D:5      | Reached skill level 4 in Short Blades
  2637 | D:5      | Reached skill level 1 in Summonings
  2637 | D:5      | Reached skill level 1 in Translocations
  2696 | D:5      | Your scales start taking on a dull iron-grey colour.
  2696 | D:5      | Reached XP level 7. HP: 60/60 MP: 9/9
  3818 | D:6      | Noticed Blork the orc
  3831 | D:6      | Killed Blork the orc
  4024 | D:6      | Reached skill level 5 in Short Blades
  4099 | D:6      | Reached XP level 8. HP: 20/67 MP: 11/11
  4253 | D:6      | Identified the +0 war axe of Vanity {pain, *Slow Str+5
                  | Int+3}
  4294 | D:6      | Found a shadowy altar of Dithmenos.
  4568 | D:6      | Found a staircase to the Ecumenical Temple.
  4574 | Temple   | Entered the Ecumenical Temple
  4592 | Temple   | Became a worshipper of Ru the Awakened
  4914 | D:3      | Learned a level 3 spell: Tukima's Dance
  5464 | D:2      | Noticed Terence
  5470 | D:2      | Killed Terence
  5471 | D:2      | Reached skill level 5 in Fighting
  5518 | D:2      | Found a faded altar of an unknown god.
  6359 | D:7      | Reached skill level 1 in Axes
  6383 | D:7      | Gained mutation: You cannot train Dodging skill. [Ru
                  | sacrifice]
  6383 | D:7      | Reached * piety under Ru
  6383 | D:7      | Reached ** piety under Ru
  6420 | D:7      | Gained mutation: You have hidden genetic potential. [potion
                  | of mutation]
  6420 | D:7      | Lost mutation: You have hidden genetic potential. [potion
                  | of mutation]
  6420 | D:7      | Gained mutation: You are strong-willed. (Will+) [potion of
                  | mutation]
  6652 | D:7      | Reached skill level 1 in Necromancy
  6652 | D:7      | Reached skill level 1 in Evocations
  6657 | D:7      | Reached skill level 1 in Hexes
  6687 | D:7      | Learned a level 2 spell: Call Imp
  6754 | D:7      | Noticed Maggie
  6769 | D:7      | Killed Maggie
  6770 | D:7      | Reached XP level 9. HP: 61/74 MP: 5/13
  7071 | D:7      | Reached skill level 5 in Shields
  7227 | D:8      | Noticed a two-headed ogre
  7234 | D:8      | Killed a two-headed ogre
  7338 | D:8      | Found Udagh's Antique Armour Shoppe.
  7347 | D:8      | Reached skill level 1 in Throwing
  7660 | D:9      | Noticed Whoops's ghost (novice DsFi)
  7662 | D:9      | Noticed a rime drake
  7685 | D:9      | Identified the ring "Ziofob" {EV+5 Str+2 Int+2}
  7703 | D:9      | Found a runed translucent gate.
  7703 | D:9      | Found a runed translucent gate.
  7703 | D:9      | Found a runed translucent gate.
  7729 | D:9      | Noticed a kobold demonologist
  7732 | D:9      | Noticed a rust devil
  7761 | D:9      | Noticed a kobold demonologist
  7761 | D:9      | Noticed a kobold demonologist
  7766 | D:9      | Noticed an ice devil
  7779 | D:9      | Gained mutation: You are robust. (+10% HP) [a neqoxec]
  7780 | D:9      | Noticed an orange demon
  7780 | D:9      | Noticed a red devil
  7782 | D:9      | Killed a kobold demonologist
  7783 | D:9      | Reached XP level 10. HP: 80/91 MP: 14/14
  7811 | D:9      | Noticed a smoke demon
  7812 | D:9      | Noticed an orange demon
  7816 | D:9      | Noticed a sixfirhy
  7834 | D:9      | Noticed a sixfirhy
  7839 | D:9      | Noticed a sixfirhy
  8033 | D:9      | Found a staircase to the Orcish Mines.
  8123 | D:9      | Reached skill level 5 in Axes
  8323 | D:9      | Noticed a soul eater
  8324 | D:9      | Noticed a sixfirhy
  8328 | D:9      | Found a staircase to the Lair.
  8366 | D:9      | Reached skill level 6 in Short Blades
  8382 | D:9      | Paralysed by a hornet for 3 turns
  8383 | D:9      | HP: 2/91 [hornet (6)]
  8384 | D:9      | Succumbed to a hornet's poison

Illustrated notes

Levels and vault maps discovered:
D:1:      heliophobic_arrival_battle_scene, layout_loops_ring, minmay_tripent
D:2:      layout_rooms, dreamdust_ecumenical_altar_hidden_monk_grotto,
          uniq_terence
D:3:      layout_loops_ring, old_standard_altar, hangedman_abyss_or_decor_stabs
D:4:      layout_basic, mainiacjoe_overflow_small_starburst, enter_ossuary_4
D:5:      dreamdust_elfheim, layout_gridville
D:6:      layout_loops_corners, grunt_dithmenos_smoke_and_mirrors,
          minmay_temple_entry_nine_rooms, minmay_misc_feat_secret_circle,
          roderic_malta_cross, uniq_blork_the_orc
D:7:      layout_rooms, uniq_maggie
D:8:      layout_basic, mainiacjoe_overflow_six_doors_small,
          minmay_misc_feat_nine_boxes, kennysheep_windowed_goal
D:9:      layout_loops_cross, nicolae_uskayaw_dance_studio,
          minmay_lair_entry_grove, orc_0_dummy, gammafunk_ghost_icy
Temple:   compressed_dpeg_triangle_lava_temple

Skill      XL: |  1  2  3  4  5  6  7  8  9 10 |
---------------+-------------------------------+-----
Dodging        | 3 4 0 |  0.0
Long Blades    | 1 2 3 4 |  4.0
Fighting       | 4 5 |  5.9
Short Blades   | 3 4 5 6 |  6.0
Stealth        | 1 2 3 |  3.4
Spellcasting   | 1 2 3 |  3.3
Summonings     | 1 2 3 |  3.3
Translocations | 1 2 3 |  3.2
Shields        | 4 5 |  5.6
Axes           | 2 4 5 |  5.3
Necromancy     | 1 2 |  2.5
Evocations     | 1 2 |  2.5
Hexes          | 1 2 |  2.3
Throwing       | 1 2 |  2.0

Action                     |  1- 3 |  4- 6 |  7- 9 | 10-12 || total
---------------------------+-------+-------+-------+-------++-------
  Melee: Rapier            |    20 |       |       |       ||    20
         Short sword       |    85 |   212 |   141 |       ||   438
         Tailslap          |    11 |    29 |    55 |    18 ||   113
         War axe           |       |       |   252 |    94 ||   346
  Throw: Dart              |       |       |       |     1 ||     1
   Cast: Tukima's Dance    |       |       |     1 |       ||     1
         Call Imp          |       |       |       |     1 ||     1
 Invoke: Sacrifice Nimblen |       |       |     1 |       ||     1
  Evoke: Wand              |       |       |    12 |     1 ||    13
    Use: Scroll            |       |     6 |     9 |     7 ||    22
         Potion            |       |     1 |     5 |     4 ||    10
   Stab: Sleeping          |     1 |     1 |     3 |       ||     5
         Invisible         |       |       |     1 |     2 ||     3
         Confused          |       |       |     1 |       ||     1
 Armour: Skin              |    24 |    42 |   173 |    44 ||   283
  Dodge: Dodged            |    33 |    83 |   243 |   113 ||   472
  Block: Buckler           |     9 |    51 |   150 |    73 ||   283
